 Dungeon Crawl Stone Soup version 0.30-a0-777-ga9a30cbeda (console) character file.

Game seed: 9463801099738997561

44 rlgrobin the Insei (level 3, -4/29 HPs)
             Began as a Mummy Monk on Feb 15, 2023.
             Slain by Jessica
             ... wielding a +2 dagger of speed
              (5 damage)
             ... on level 2 of the Dungeon.
             The game lasted 00:02:19 (1236 turns).

rlgrobin the Insei (Mummy Monk)                     Turns: 1236, Time: 00:02:20

Health: -4/29      AC:  4    Str: 14    XL:     3   Next: 39%
Magic:  3/3        EV: 12    Int:  9    God:
Gold:   77         SH:  0    Dex: 16    Spells: 2/2 levels left

rFire   x . .      SeeInvis .      - Unarmed
rCold   + . .      Faith    +    (no shield)
rNeg    + + +      Spirit   .    (no body armour)
rPois   ∞          Reflect  .    (no helmet)
rElec   .          Harm     .    (no cloak)
rCorr   .          Rampage  .    (no gloves)
Will    .....                    (no boots)
Stlth   ++                       (no amulet)
HPRegen 0.24/turn                d - +4 ring of protection
MPRegen 0.08/turn                (no ring)

@: no status effects
A: cold resistance 1, negative energy resistance 3, torment resistance 2, heat
vulnerability 1, in touch with death 1, no potions, faith
a: no special abilities


You were on level 2 of the Dungeon.
You visited 1 branch of the dungeon, and saw 2 of its levels.

You collected 77 gold pieces.

Inventory:

Jewellery
 d - a +4 ring of protection (left hand)
Scrolls
 a - 2 scrolls of enchant armour {unknown}
 b - a scroll of amnesia {unknown}
 c - a scroll of fear {unknown}
 e - a scroll of teleportation {unknown}
 f - a scroll of blinking {unknown}
 g - a scroll of torment {unknown}


   Skills:
 - Level 3.0 Fighting
 - Level 2.4 Dodging
 - Level 2.0 Stealth
 + Level 3.5 Unarmed Combat


You had 2 spell levels left.
You didn't know any spells.
Your spell library contained the following spells:

 Spells                   Type           Power      Damage    Failure   Level
 Shock                    Conj/Air       0%         1d3       38%         1
 Swiftness                Air            0%         N/A       77%         3
 Airstrike                Air            0%         2d(0-16)  99%         4


Dungeon Overview and Level Annotations

Branches:
Dungeon (2/15)

Altars:

Annotations:
D:2 Jessica


Innate Abilities, Weirdness & Mutations

You are immune to poison.
Your flesh is cold resistant. (rC+)
You are immune to negative energy. (rN+++)
You are immune to unholy pain and torment.
You are vulnerable to heat. (rF-)
You are in touch with the powers of death.
You do not drink.
You have a special connection with the divine. (Faith)


Message History

Jessica closely misses you.
Jessica hits you with a +2 dagger of speed.
You closely miss Jessica.
Jessica is severely wounded.
Jessica closely misses you.
Jessica hits you with a +2 dagger of speed.
You hit Jessica but do no damage. You punch Jessica, but do no damage.
Jessica is severely wounded.
Jessica hits you with a +2 dagger of speed.
Jessica closely misses you.
You hit Jessica but do no damage.
Jessica is severely wounded.
Jessica hits you with a +2 dagger of speed.
* * * LOW HITPOINT WARNING * * *
The ball python bites you but does no damage.
The ball python closely misses you. Jessica closely misses you.
You closely miss Jessica.
Jessica is severely wounded.
Jessica completely misses you. The ball python bites you.
* * * LOW HITPOINT WARNING * * *
The ball python closely misses you.
Jessica mumbles some strange words.
Jessica blinks!
You hit the ball python.
You kill the ball python!
Jessica misses you.
You hit Jessica.
Jessica is severely wounded.
Jessica misses you.
Jessica hits you with a +2 dagger of speed.
* * * LOW HITPOINT WARNING * * *
You hit Jessica but do no damage.
Jessica is severely wounded.
Jessica barely misses you.
Jessica hits you with a +2 dagger of speed.
* * * LOW HITPOINT WARNING * * *
You hit Jessica.
Jessica is almost dead.
Jessica hits you with a +2 dagger of speed.
You die...

#.###.#.######...##
#.###..## #..... #.##...##
#...## #.##....# ##.##
#.##....# #.# #.#####.#
#.# ..##.>..## #.#
#.########......# ##.###
#......†.@@.....### #.....
##########........###..###
##.............#
#.......###...# ##....###
#...# #.....#####...##
#.....##.........
#.......#..##.#.##
#.....>.....##.#.#


You could see Jessica (fast).

Vanquished Creatures
  An adder (D:2)
  A dart slug (D:1)
  3 endoplasms
  6 hobgoblins
  4 jackals
  A quokka (D:2)
  5 ball pythons
  3 bats
  A frilled lizard (D:1)
  A goblin (D:1)
  4 kobolds
  2 rats
32 creatures vanquished.

Notes
Turn   | Place    | Note
-------+----------+-------------------------------------------
     0 | D:1      | rlgrobin the Mummy Monk began the quest for the Orb.
     0 | D:1      | Reached XP level 1. HP: 18/18 MP: 1/1
   320 | D:1      | Reached XP level 2. HP: 11/24 MP: 2/2
  1038 | D:2      | Gained mutation: You are in touch with the powers of death.
                  | [Mummy growth]
  1038 | D:2      | Reached XP level 3. HP: 28/29 MP: 3/3
  1217 | D:2      | Noticed Jessica
  1235 | D:2      | HP: 1/29 [Jessica/+2 dagger of speed (3)]
  1236 | D:2      | Slain by Jessica

Illustrated notes

Levels and vault maps discovered:
D:1:      dpeg_arrival_rooms_a, layout_loops_cross
D:2:      layout_loops_ring, uniq_jessica

Skill      XL: |  1  2 |
---------------+-------+-----
Stealth        | 2 |  2.0
Unarmed Combat | 3 |  3.5
Fighting       | |  3.0
Dodging        | |  2.4

Action                     || total
---------------------------++-------
  Melee: Unarmed           ||   134
         Punch             ||     3
   Stab: Sleeping          ||     7
 Armour: Skin              ||    27
  Dodge: Dodged            ||    80

Table legend: (Time is in decaauts)
 A = Elapsed time spent in this place.
 B = Non-inter-level travel time spent in this place.
 C = Inter-level travel time spent in this place.
 D = Time resting spent in this place.
 E = Time spent auto-exploring this place.
 F = Levels seen in this place.
 G = Mean time per level.
                   A        B        C        D        E       F      G
               +--------+--------+--------+--------+--------+-----+--------+
         Total |   1227 |   1197 |     30 |    135 |    767 |   2 |  613.5 |
       Dungeon |   1227 |   1197 |     30 |    135 |    767 |   2 |  613.5 |
               +--------+--------+--------+--------+--------+-----+--------+

Top non-repeatable levels by time:
     D:1: 895 daAuts
     D:2: 332 daAuts
